[ AOE2 MATCH · #484150672 ]
UnrankedKoreans vs Byzantines
[ REPLAY ANALYSIS · EXTRACTED FROM THE RECORDED GAME ]
Feudal
12:36
Castle
18:52
Imperial
40:42
| APM avg | 36.3 |
| APM peak | 70 |
| eAPM avg | 13.2 |
| Villagers / military | 96 / 112 |
Focus
⚔️ 33.1% · 🌾 66.9%
Fire Lancer ×73 · War Wagon ×20 · Skirmisher ×15 · Iron Pagoda ×2 · Monk ×1 · Trebuchet (Packed) ×1
Feudal
9:15
Castle
16:21
Imperial
39:26
| APM avg | 30.3 |
| APM peak | 81 |
| eAPM avg | 17.2 |
| Villagers / military | 149 / 292 |
Focus
⚔️ 37.1% · 🌾 62.9%
Spearman ×150 · Cataphract ×79 · Hand Cannoneer ×40 · Battering Ram ×9 · Scorpion ×5 · Monk ×4
Feudal
—
Castle
—
Imperial
—
| APM avg | 30.3 |
| APM peak | 81 |
| eAPM avg | 14.5 |
| Villagers / military | 131 / 155 |
Focus
⚔️ 42.5% · 🌾 57.5%
Fire Lancer ×135 · Unknown (1908) ×28 · Scout Cavalry ×20
Feudal
11:53
Castle
19:45
Imperial
31:51
| APM avg | 23.2 |
| APM peak | 57 |
| eAPM avg | 15.7 |
| Villagers / military | 102 / 268 |
Focus
⚔️ 37.3% · 🌾 62.7%
Keshik ×93 · Cavalry Archer ×87 · Steppe Lancer ×35 · Camel Scout ×20 · Scout Cavalry ×20 · Trebuchet (Packed) ×8
Feudal
11:14
Castle
20:24
Imperial
35:36
| APM avg | 24.4 |
| APM peak | 75 |
| eAPM avg | 15.7 |
| Villagers / military | 186 / 326 |
Focus
⚔️ 27.7% · 🌾 72.3%
Militia ×120 · Knight ×91 · Spearman ×90 · Throwing Axeman ×20 · Trebuchet (Packed) ×3 · Monk ×2
Feudal
12:05
Castle
19:32
Imperial
41:57
| APM avg | 34.9 |
| APM peak | 73 |
| eAPM avg | 16.6 |
| Villagers / military | 157 / 146 |
Focus
⚔️ 33.9% · 🌾 66.1%
Knight ×63 · Scout Cavalry ×43 · Chu Ko Nu ×11 · Archer ×10 · Spearman ×8 · Trebuchet (Packed) ×8
Feudal
11:01
Castle
16:36
Imperial
33:25
| APM avg | 37.1 |
| APM peak | 151 |
| eAPM avg | 23.4 |
| Villagers / military | 114 / 256 |
Focus
⚔️ 37.5% · 🌾 62.5%
Camel Scout ×137 · Hand Cannoneer ×95 · Skirmisher ×18 · Trebuchet (Packed) ×3 · Monk ×2 · Genitour ×1
Feudal
11:51
Castle
20:51
Imperial
33:07
| APM avg | 12.4 |
| APM peak | 49 |
| eAPM avg | 9.1 |
| Villagers / military | 129 / 193 |
Focus
⚔️ 25.5% · 🌾 74.5%
Scout Cavalry ×170 · Trade Cart ×12 · War Elephant ×12 · Camel Scout ×11
Match map
Initial resources + every placement click. Lines = walls · curves = elevation contours. ◆ gold · ⬟ stone · ● berries · ✦ relic · ◌ wall gap
Your base· Open — unwalled flank
INK | Royal Prestige's base· Open — unwalled flank
FuaKatelas's base· Open — unwalled flank
baby shark's base· Open — unwalled flank
atouminou's base· Open — unwalled flank
建築師靶布阿's base· Open — unwalled flank
Lili's base· Open — unwalled flank
穗稻忠武's base· Open — unwalled flank
Smoothed initial terrain · ◌ = detected wall gap · hover for details
Inputs per minute
— tataglia - - INK | Royal Prestige
Build order — tataglia
First 150 of 322 actions detected
| 0:09 | Build | House |
| 0:11 | Build | House |
| 0:12 | Create | Villager (Male) |
| 0:12 | Create | Villager (Male) |
| 0:13 | Create | Villager (Male) |
| 0:13 | Create | Villager (Male) |
| 0:13 | Create | Villager (Male) |
| 0:14 | Create | Villager (Male) |
| 1:09 | Research | Loom |
| 2:15 | Create | Villager (Male) |
| 2:15 | Create | Villager (Male) |
| 2:28 | Create | Villager (Male) |
| 2:36 | Create | Villager (Male) |
| 3:09 | Create | Villager (Male) |
| 3:23 | Create | Villager (Male) |
| 3:23 | Create | Villager (Male) |
| 4:14 | Create | Villager (Male) |
| 4:14 | Create | Villager (Male) |
| 4:36 | Build | Mill |
| 4:59 | Create | Villager (Male) |
| 4:59 | Create | Villager (Male) |
| 5:00 | Create | Villager (Male) |
| 5:00 | Create | Villager (Male) |
| 5:42 | Build | Lumber Camp |
| 6:34 | Create | Villager (Male) |
| 6:34 | Create | Villager (Male) |
| 7:18 | Create | Villager (Male) |
| 7:19 | Create | Villager (Male) |
| 8:20 | Create | Villager (Male) |
| 8:21 | Create | Villager (Male) |
| 8:21 | Create | Villager (Male) |
| 9:20 | Build | Mining Camp |
| 9:31 | Create | Villager (Male) |
| 9:31 | Create | Villager (Male) |
| 9:35 | Research | Feudal Age |
| 10:20 | Build | Mining Camp |
| 10:38 | Build | Mill |
| 10:45 | Build | Farm |
| 10:45 | Build | Farm |
| 10:47 | Build | Farm |
| 10:53 | Build | Farm |
| 10:54 | Build | Farm |
| 11:17 | Build | Farm |
| 11:32 | Build | Farm |
| 11:46 | Build | House |
| 12:01 | Build | House |
| 12:13 | Build | Palisade Wall |
| 12:15 | Build | Palisade Wall |
| 12:19 | Build | Palisade Gate |
| 12:25 | Create | Villager (Male) |
| 12:25 | Create | Villager (Male) |
| 12:36 | Age | Feudal Age |
| 12:53 | Build | Barracks |
| 13:15 | Create | Villager (Male) |
| 13:39 | Create | Villager (Male) |
| 13:58 | Build | Archery Range |
| 14:13 | Create | Villager (Male) |
| 15:07 | Build | Market |
| 15:11 | Create | Villager (Male) |
| 15:36 | Create | Villager (Male) |
| 16:12 | Research | Castle Age |
| 16:28 | Build | Blacksmith |
| 16:46 | Build | Palisade Wall |
| 16:48 | Build | Palisade Wall |
| 16:52 | Build | Palisade Gate |
| 17:06 | Research | Double-Bit Axe |
| 17:20 | Research | Horse Collar |
| 17:32 | Create | Villager (Male) |
| 17:33 | Create | Villager (Male) |
| 17:44 | Create | Skirmisher |
| 17:45 | Create | Skirmisher |
| 17:45 | Create | Skirmisher |
| 18:30 | Build | Archery Range |
| 18:52 | Age | Castle Age |
| 18:59 | Research | Elite Skirmisher (upgrade) |
| 19:21 | Build | Castle |
| 19:50 | Create | Skirmisher |
| 19:51 | Create | Skirmisher |
| 20:09 | Build | Town Center |
| 20:32 | Build | Farm |
| 20:37 | Create | Villager (Male) |
| 20:38 | Create | Villager (Male) |
| 20:38 | Create | Villager (Male) |
| 20:38 | Create | Villager (Male) |
| 20:38 | Create | Villager (Male) |
| 20:46 | Research | Fletching |
| 21:08 | Create | War Wagon |
| 21:21 | Build | Farm |
| 21:38 | Build | House |
| 21:40 | Build | House |
| 21:43 | Build | House |
| 21:53 | Research | Wheelbarrow |
| 21:56 | Create | Villager (Male) |
| 21:56 | Create | Villager (Male) |
| 22:26 | Create | Villager (Male) |
| 22:29 | Create | Villager (Male) |
| 22:56 | Build | Town Center |
| 23:16 | Build | Palisade Wall |
| 23:19 | Build | Palisade Wall |
| 23:21 | Research | Bodkin Arrow |
| 23:47 | Create | War Wagon |
| 23:47 | Create | War Wagon |
| 23:47 | Create | War Wagon |
| 24:01 | Create | War Wagon |
| 24:01 | Create | War Wagon |
| 24:27 | Create | Skirmisher |
| 24:27 | Create | Skirmisher |
| 24:27 | Create | Skirmisher |
| 24:27 | Create | Skirmisher |
| 24:28 | Create | Skirmisher |
| 24:28 | Create | Skirmisher |
| 24:28 | Create | Skirmisher |
| 25:27 | Create | Skirmisher |
| 25:27 | Create | Skirmisher |
| 25:27 | Create | Skirmisher |
| 25:29 | Create | Villager (Male) |
| 25:29 | Create | Villager (Male) |
| 25:29 | Create | Villager (Male) |
| 25:30 | Create | Villager (Male) |
| 25:30 | Create | Villager (Male) |
| 25:30 | Create | Villager (Male) |
| 26:09 | Create | Villager (Male) |
| 26:09 | Create | Villager (Male) |
| 26:09 | Create | Villager (Male) |
| 26:14 | Research | Town Watch |
| 26:59 | Build | Siege Workshop |
| 27:12 | Create | Villager (Male) |
| 27:12 | Create | Villager (Male) |
| 27:12 | Create | Villager (Male) |
| 27:12 | Create | Villager (Male) |
| 27:13 | Create | Villager (Male) |
| 27:28 | Build | House |
| 27:56 | Build | Siege Workshop |
| 27:58 | Create | Iron Pagoda |
| 27:59 | Create | Iron Pagoda |
| 29:46 | Build | Barracks |
| 29:50 | Build | Barracks |
| 29:51 | Build | Barracks |
| 30:15 | Build | Farm |
| 30:15 | Build | Farm |
| 30:16 | Build | Farm |
| 30:16 | Build | Farm |
| 30:16 | Build | Farm |
| 30:19 | Create | Villager (Male) |
| 30:19 | Create | Villager (Male) |
| 30:19 | Create | Villager (Male) |
| 30:26 | Create | Villager (Male) |
| 30:27 | Create | Villager (Male) |
| 30:27 | Create | Villager (Male) |
| 30:31 | Research | Stone Mining |
Build order — INK | Royal Prestige
First 150 of 375 actions detected
| 0:02 | Create | Villager (Male) |
| 0:02 | Create | Villager (Male) |
| 0:24 | Create | Villager (Male) |
| 0:25 | Create | Villager (Male) |
| 1:45 | Create | Villager (Male) |
| 1:45 | Create | Villager (Male) |
| 2:00 | Build | Mill |
| 2:21 | Create | Villager (Male) ×2 |
| 2:21 | Create | Villager (Male) ×2 |
| 2:24 | Research | Loom |
| 3:33 | Create | Villager (Male) |
| 3:34 | Create | Villager (Male) |
| 4:06 | Create | Villager (Male) |
| 4:06 | Create | Villager (Male) |
| 4:07 | Create | Villager (Male) |
| 4:11 | Create | Villager (Male) |
| 5:24 | Build | Lumber Camp |
| 5:38 | Build | Lumber Camp |
| 5:48 | Create | Villager (Male) |
| 5:48 | Create | Villager (Male) |
| 6:14 | Build | Palisade Wall |
| 6:40 | Create | Villager (Male) |
| 7:01 | Research | Feudal Age |
| 7:01 | Research | Feudal Age |
| 8:30 | Build | House |
| 8:36 | Build | Palisade Gate |
| 8:40 | Build | House |
| 9:15 | Age | Feudal Age |
| 9:19 | Create | Villager (Male) |
| 9:19 | Create | Villager (Male) |
| 9:30 | Build | Market |
| 9:36 | Build | Market |
| 9:52 | Create | Villager (Male) |
| 10:23 | Build | Mill |
| 10:32 | Create | Villager (Male) |
| 10:43 | Create | Villager (Male) |
| 11:15 | Build | Blacksmith |
| 11:20 | Create | Villager (Male) |
| 12:01 | Create | Villager (Male) |
| 12:19 | Create | Villager (Male) |
| 12:36 | Build | Farm |
| 12:39 | Build | Farm |
| 13:16 | Create | Villager (Male) |
| 13:40 | Research | Castle Age |
| 14:22 | Research | Double-Bit Axe |
| 14:52 | Research | Horse Collar |
| 15:17 | Build | Farm |
| 15:26 | Build | Farm |
| 15:40 | Build | Farm |
| 15:56 | Build | Farm |
| 16:05 | Build | Farm |
| 16:06 | Build | Farm |
| 16:11 | Build | Farm |
| 16:13 | Research | Wheelbarrow |
| 16:18 | Create | Villager (Male) |
| 16:21 | Age | Castle Age |
| 16:23 | Build | Farm |
| 16:28 | Build | Farm |
| 16:39 | Build | Farm |
| 16:45 | Build | Farm |
| 16:57 | Create | Villager (Male) ×5 |
| 17:05 | Research | Bow Saw |
| 17:25 | Build | House |
| 17:25 | Build | House |
| 17:26 | Build | House |
| 17:47 | Build | House |
| 17:48 | Build | House |
| 17:49 | Build | House |
| 17:58 | Create | Villager (Male) |
| 17:58 | Create | Villager (Male) |
| 18:27 | Build | Town Center |
| 18:50 | Create | Villager (Male) |
| 18:50 | Create | Villager (Male) |
| 19:11 | Research | Heavy Plow |
| 19:12 | Research | Heavy Plow |
| 19:28 | Build | University |
| 20:02 | Build | Mining Camp |
| 20:05 | Create | Villager (Male) ×5 |
| 20:36 | Build | Monastery |
| 20:43 | Research | Stone Mining |
| 20:43 | Research | Stone Mining |
| 21:04 | Create | Villager (Male) |
| 22:24 | Create | Villager (Male) ×5 |
| 22:32 | Build | Town Center |
| 22:44 | Build | Town Center |
| 22:48 | Research | Treadmill Crane |
| 23:25 | Create | Monk |
| 23:28 | Create | Villager (Male) ×2 |
| 23:28 | Create | Villager (Male) ×2 |
| 23:57 | Create | Villager (Male) ×2 |
| 24:06 | Build | Farm |
| 24:09 | Build | Farm |
| 24:13 | Build | Farm |
| 24:14 | Build | Farm |
| 24:30 | Build | Castle |
| 24:39 | Create | Villager (Male) ×4 |
| 24:53 | Create | Villager (Male) |
| 25:17 | Build | Farm |
| 25:18 | Create | Villager (Male) ×3 |
| 25:28 | Build | Farm |
| 25:28 | Build | Farm |
| 25:28 | Build | Farm |
| 25:28 | Build | Farm |
| 25:28 | Build | Farm |
| 25:46 | Create | Villager (Male) ×2 |
| 25:46 | Create | Villager (Male) ×2 |
| 26:02 | Create | Villager (Male) ×2 |
| 26:02 | Create | Villager (Male) ×2 |
| 26:15 | Build | Siege Workshop |
| 26:20 | Build | Barracks |
| 26:21 | Build | Barracks |
| 26:26 | Build | Barracks |
| 26:27 | Build | Barracks |
| 26:37 | Create | Cataphract |
| 26:42 | Research | Wheelbarrow |
| 26:43 | Create | Villager (Male) |
| 26:49 | Build | Farm |
| 26:54 | Build | Town Center |
| 27:01 | Create | Villager (Male) |
| 27:01 | Create | Villager (Male) |
| 27:14 | Create | Villager (Male) ×2 |
| 27:20 | Build | Farm |
| 27:20 | Build | Farm |
| 27:20 | Build | Farm |
| 27:21 | Build | Farm |
| 27:21 | Build | Farm |
| 27:21 | Build | Farm |
| 27:21 | Build | Farm |
| 27:21 | Build | Farm |
| 27:22 | Build | Farm |
| 27:32 | Create | Spearman ×5 |
| 27:32 | Create | Spearman ×5 |
| 27:32 | Create | Spearman |
| 28:02 | Create | Villager (Male) ×5 |
| 28:02 | Create | Villager (Male) ×5 |
| 28:22 | Build | Farm |
| 28:22 | Build | Farm |
| 28:22 | Build | Farm |
| 28:23 | Build | Farm |
| 28:24 | Build | Farm |
| 28:34 | Research | Forging |
| 28:38 | Create | Spearman ×5 |
| 28:52 | Create | Villager (Male) ×2 |
| 29:02 | Build | Mill |
| 29:05 | Build | Farm |
| 29:05 | Build | Farm |
| 29:05 | Build | Farm |
| 29:05 | Build | Farm |
| 29:05 | Build | Farm |
| 29:06 | Build | Farm |
Build order — FuaKatelas
First 150 of 427 actions detected
| 0:01 | Create | Villager (Male) |
| 0:02 | Create | Villager (Male) |
| 0:02 | Create | Villager (Male) |
| 0:02 | Create | Villager (Male) |
| 0:18 | Build | House |
| 1:25 | Create | Villager (Male) |
| 1:46 | Create | Villager (Male) |
| 2:32 | Create | Villager (Male) |
| 2:33 | Create | Villager (Male) |
| 3:04 | Create | Villager (Male) |
| 3:28 | Create | Villager (Male) |
| 4:10 | Research | Loom |
| 4:12 | Create | Villager (Male) |
| 4:31 | Build | Mill |
| 4:38 | Create | Villager (Male) |
| 5:35 | Create | Villager (Male) |
| 6:12 | Create | Villager (Male) |
| 6:12 | Create | Villager (Male) |
| 6:13 | Create | Villager (Male) |
| 6:39 | Create | Villager (Male) |
| 7:01 | Build | Lumber Camp |
| 7:04 | Create | Villager (Male) |
| 7:05 | Create | Villager (Male) |
| 7:14 | Create | Villager (Male) |
| 7:21 | Create | Villager (Male) |
| 7:29 | Create | Villager (Male) |
| 7:54 | Create | Villager (Male) |
| 8:10 | Build | Mining Camp |
| 8:12 | Create | Villager (Male) |
| 8:26 | Create | Villager (Male) |
| 8:30 | Create | Villager (Male) |
| 8:36 | Create | Villager (Male) |
| 9:09 | Create | Villager (Male) |
| 9:19 | Build | Mining Camp |
| 9:30 | Research | Feudal Age |
| 9:43 | Build | House |
| 10:27 | Build | House |
| 11:35 | Build | Barracks |
| 11:38 | Create | Villager (Male) |
| 11:45 | Create | Villager (Male) |
| 11:59 | Create | Villager (Male) |
| 12:07 | Create | Villager (Male) |
| 12:21 | Build | Blacksmith |
| 12:55 | Build | Market |
| 12:56 | Create | Villager (Male) |
| 13:02 | Create | Villager (Male) |
| 13:12 | Create | Villager (Male) |
| 13:22 | Create | Villager (Male) |
| 13:28 | Build | Farm |
| 13:28 | Build | Farm |
| 13:28 | Build | Farm |
| 13:28 | Build | Farm |
| 13:29 | Build | Farm |
| 13:29 | Build | Farm |
| 13:29 | Build | Farm |
| 13:29 | Build | Farm |
| 13:30 | Build | Farm |
| 13:30 | Build | Farm |
| 13:30 | Create | Villager (Male) |
| 13:32 | Create | Villager (Male) |
| 13:47 | Create | Villager (Male) |
| 14:05 | Research | Wheelbarrow |
| 14:42 | Build | Stable |
| 15:11 | Build | Farm |
| 15:49 | Research | Castle Age |
| 15:58 | Build | Farm |
| 16:04 | Build | House |
| 16:48 | Research | Double-Bit Axe |
| 16:50 | Research | Horse Collar |
| 17:04 | Build | House |
| 17:29 | Research | Gold Mining |
| 17:40 | Research | Scale Barding Armor |
| 18:40 | Build | Town Center |
| 18:43 | Create | Villager (Male) |
| 18:51 | Build | Castle |
| 18:53 | Create | Villager (Male) |
| 19:03 | Create | Villager (Male) |
| 19:03 | Create | Villager (Male) |
| 19:03 | Create | Villager (Male) |
| 19:18 | Create | Villager (Male) |
| 19:22 | Create | Villager (Male) |
| 19:42 | Create | Villager (Male) |
| 19:57 | Create | Villager (Male) |
| 20:19 | Create | Unit 1908 |
| 20:25 | Research | Husbandry |
| 20:29 | Create | Villager (Male) |
| 20:35 | Build | Farm |
| 20:35 | Build | Farm |
| 20:36 | Build | Farm |
| 20:36 | Build | Farm |
| 20:36 | Build | Farm |
| 20:38 | Build | Farm |
| 20:42 | Build | Farm |
| 20:44 | Build | Farm |
| 20:45 | Build | Farm |
| 20:46 | Build | Farm |
| 20:49 | Build | Farm |
| 20:52 | Create | Villager (Male) |
| 20:52 | Create | Villager (Male) |
| 21:09 | Create | Unit 1908 |
| 21:09 | Create | Unit 1908 |
| 21:31 | Create | Villager (Male) |
| 21:43 | Create | Villager (Male) |
| 21:43 | Create | Villager (Male) |
| 21:51 | Create | Villager (Male) |
| 21:53 | Create | Villager (Male) |
| 22:11 | Create | Unit 1908 |
| 22:47 | Create | Unit 1908 |
| 22:59 | Create | Unit 1908 |
| 23:00 | Create | Villager (Male) |
| 23:01 | Create | Villager (Male) |
| 23:01 | Create | Villager (Male) |
| 23:02 | Create | Villager (Male) |
| 23:21 | Create | Unit 1908 |
| 23:21 | Create | Unit 1908 |
| 23:21 | Create | Unit 1908 |
| 23:29 | Build | Farm |
| 23:30 | Build | Farm |
| 23:30 | Build | Farm |
| 23:30 | Build | Farm |
| 23:31 | Build | Farm |
| 23:33 | Build | Farm |
| 23:49 | Create | Unit 1908 |
| 23:49 | Create | Unit 1908 |
| 25:14 | Create | Unit 1908 |
| 25:14 | Create | Unit 1908 |
| 25:15 | Create | Unit 1908 |
| 25:16 | Create | Villager (Male) |
| 25:16 | Create | Villager (Male) |
| 25:17 | Create | Villager (Male) |
| 25:17 | Create | Villager (Male) |
| 25:18 | Create | Villager (Male) |
| 25:18 | Create | Villager (Male) |
| 25:18 | Create | Villager (Male) |
| 25:19 | Create | Villager (Male) |
| 25:27 | Research | Town Watch |
| 25:30 | Research | Hand Cart |
| 25:40 | Research | Forging |
| 25:56 | Create | Unit 1908 |
| 26:21 | Create | Unit 1908 |
| 26:21 | Create | Unit 1908 |
| 26:21 | Create | Unit 1908 |
| 26:22 | Create | Villager (Male) |
| 26:23 | Create | Villager (Male) |
| 26:23 | Create | Villager (Male) |
| 26:23 | Create | Villager (Male) |
| 26:24 | Create | Villager (Male) |
| 26:50 | Build | Lumber Camp |
| 27:10 | Create | Unit 1908 |
| 27:10 | Create | Unit 1908 |
Build order — baby shark
First 150 of 390 actions detected
| 0:02 | Create | Villager (Male) |
| 0:02 | Research | Loom |
| 0:02 | Create | Villager (Male) |
| 0:03 | Create | Villager (Male) |
| 0:03 | Create | Villager (Male) |
| 1:41 | Create | Villager (Male) |
| 1:42 | Create | Villager (Male) |
| 1:52 | Create | Villager (Male) |
| 1:52 | Create | Villager (Male) |
| 2:12 | Build | Mill |
| 2:35 | Create | Villager (Male) |
| 2:36 | Create | Villager (Male) |
| 3:03 | Create | Villager (Male) |
| 3:04 | Create | Villager (Male) |
| 3:32 | Create | Villager (Male) |
| 3:32 | Create | Villager (Male) |
| 4:09 | Create | Villager (Male) |
| 4:25 | Build | House |
| 4:26 | Build | House |
| 4:28 | Build | House |
| 4:39 | Build | Lumber Camp |
| 4:43 | Create | Villager (Male) |
| 4:44 | Create | Villager (Male) |
| 4:44 | Create | Villager (Male) |
| 5:19 | Create | Villager (Male) |
| 5:19 | Create | Villager (Male) |
| 5:20 | Create | Villager (Male) |
| 6:03 | Create | Villager (Male) |
| 6:03 | Create | Villager (Male) |
| 6:34 | Build | Mill |
| 6:56 | Create | Villager (Male) |
| 6:57 | Create | Villager (Male) |
| 7:43 | Build | Barracks |
| 7:49 | Create | Villager (Male) |
| 8:14 | Create | Villager (Male) |
| 8:44 | Create | Villager (Male) |
| 9:00 | Create | Villager (Male) |
| 9:42 | Research | Feudal Age |
| 10:06 | Build | House |
| 10:07 | Build | House |
| 10:09 | Build | House |
| 10:11 | Build | House |
| 10:17 | Build | House |
| 11:03 | Build | Mining Camp |
| 11:37 | Build | Mining Camp |
| 11:42 | Create | Villager (Male) |
| 11:43 | Create | Villager (Male) |
| 11:43 | Create | Villager (Male) |
| 11:53 | Age | Feudal Age |
| 11:57 | Research | Double-Bit Axe |
| 11:57 | Research | Double-Bit Axe |
| 12:03 | Research | Horse Collar |
| 12:03 | Research | Horse Collar |
| 12:17 | Build | Stable |
| 12:33 | Build | Stone Wall |
| 12:36 | Build | Stone Wall |
| 12:40 | Build | Gate |
| 12:44 | Build | Farm |
| 12:45 | Create | Villager (Male) |
| 12:48 | Build | Farm |
| 12:50 | Create | Villager (Male) |
| 13:01 | Build | Blacksmith |
| 13:24 | Create | Villager (Male) |
| 13:57 | Create | Villager (Male) |
| 14:01 | Build | Farm |
| 14:26 | Build | Farm |
| 14:28 | Build | Farm |
| 14:30 | Build | Farm |
| 14:32 | Build | Farm |
| 14:38 | Create | Villager (Male) |
| 14:56 | Create | Villager (Male) |
| 15:27 | Build | Palisade Wall |
| 15:35 | Build | Palisade Gate |
| 15:41 | Build | Farm |
| 15:44 | Create | Villager (Male) |
| 15:44 | Create | Villager (Male) |
| 15:46 | Build | Farm |
| 15:47 | Create | Villager (Male) |
| 16:14 | Build | Archery Range |
| 16:36 | Build | Farm |
| 17:05 | Research | Castle Age |
| 17:06 | Research | Castle Age |
| 17:10 | Build | Farm |
| 17:31 | Build | House |
| 17:33 | Build | House |
| 17:35 | Build | House |
| 17:37 | Build | House |
| 17:38 | Build | House |
| 18:04 | Build | Archery Range |
| 18:38 | Build | Lumber Camp |
| 18:49 | Create | Villager (Male) |
| 18:49 | Create | Villager (Male) |
| 18:50 | Create | Villager (Male) |
| 18:55 | Build | Farm |
| 18:57 | Build | Farm |
| 19:28 | Research | Padded Archer Armor |
| 19:29 | Research | Fletching |
| 19:29 | Research | Fletching |
| 19:36 | Research | Bloodlines |
| 19:36 | Research | Bloodlines |
| 19:45 | Age | Castle Age |
| 19:48 | Research | Bow Saw |
| 19:48 | Research | Bow Saw |
| 19:56 | Build | Monastery |
| 20:37 | Build | Town Center |
| 20:41 | Build | Farm |
| 21:03 | Build | Castle |
| 21:09 | Create | Villager (Male) |
| 21:16 | Research | Heavy Plow |
| 21:16 | Research | Heavy Plow |
| 21:19 | Create | Villager (Male) |
| 21:23 | Research | Husbandry |
| 21:30 | Create | Cavalry Archer |
| 21:30 | Create | Cavalry Archer |
| 21:30 | Create | Cavalry Archer |
| 21:30 | Create | Cavalry Archer |
| 21:31 | Create | Cavalry Archer |
| 21:41 | Create | Villager (Male) |
| 21:48 | Create | Monk |
| 21:49 | Research | Fervor |
| 21:49 | Create | Monk |
| 22:04 | Build | Farm |
| 22:06 | Create | Villager (Male) |
| 22:19 | Create | Monk |
| 22:29 | Build | Farm |
| 22:34 | Research | Light Cavalry (upgrade) |
| 22:34 | Research | Light Cavalry (upgrade) |
| 22:37 | Create | Villager (Male) |
| 22:55 | Build | Farm |
| 23:11 | Build | Town Center |
| 23:22 | Build | Town Center |
| 23:26 | Create | Villager (Male) |
| 23:26 | Create | Villager (Male) |
| 23:32 | Build | Farm |
| 23:33 | Create | Villager (Male) |
| 23:42 | Create | Scout Cavalry |
| 23:42 | Create | Scout Cavalry |
| 23:46 | Create | Villager (Male) |
| 23:53 | Create | Villager (Male) |
| 24:12 | Build | Farm |
| 24:13 | Create | Villager (Male) |
| 24:17 | Create | Villager (Male) |
| 24:21 | Create | Keshik |
| 24:21 | Create | Keshik |
| 24:27 | Create | Cavalry Archer |
| 24:27 | Create | Cavalry Archer |
| 24:27 | Create | Cavalry Archer |
| 24:35 | Build | University |
| 24:37 | Build | House |
| 24:38 | Build | House |
Build order — atouminou
First 150 of 415 actions detected
| 0:04 | Create | Villager (Male) |
| 0:04 | Create | Villager (Male) |
| 0:04 | Create | Villager (Male) |
| 0:07 | Build | House |
| 0:11 | Build | House |
| 0:24 | Create | Villager (Male) |
| 0:24 | Create | Villager (Male) |
| 1:51 | Create | Villager (Male) |
| 1:51 | Create | Villager (Male) |
| 2:15 | Create | Villager (Male) |
| 2:27 | Create | Villager (Male) |
| 2:27 | Create | Villager (Male) |
| 3:03 | Create | Villager (Male) |
| 3:03 | Create | Villager (Male) |
| 3:03 | Create | Villager (Male) |
| 3:22 | Build | Lumber Camp |
| 3:47 | Create | Villager (Male) |
| 3:48 | Create | Villager (Male) |
| 3:53 | Create | Villager (Male) |
| 3:53 | Create | Villager (Male) |
| 4:10 | Create | Villager (Male) |
| 4:10 | Create | Villager (Male) |
| 4:11 | Create | Villager (Male) |
| 5:19 | Create | Villager (Male) |
| 5:20 | Create | Villager (Male) |
| 5:20 | Create | Villager (Male) |
| 5:20 | Create | Villager (Male) |
| 5:24 | Build | Mill |
| 5:58 | Create | Villager (Male) |
| 5:58 | Create | Villager (Male) |
| 6:12 | Research | Loom |
| 6:17 | Create | Villager (Male) |
| 6:17 | Create | Villager (Male) |
| 6:34 | Create | Villager (Male) |
| 6:34 | Create | Villager (Male) |
| 6:39 | Build | Mill |
| 7:03 | Create | Villager (Male) |
| 7:04 | Create | Villager (Male) |
| 7:46 | Create | Villager (Male) |
| 7:46 | Create | Villager (Male) |
| 8:48 | Build | House |
| 8:50 | Build | House |
| 9:00 | Research | Feudal Age |
| 9:09 | Build | Mining Camp |
| 9:23 | Build | Palisade Wall |
| 9:44 | Create | Villager (Male) |
| 10:06 | Build | Barracks |
| 10:23 | Build | Palisade Wall |
| 11:03 | Build | House |
| 11:14 | Age | Feudal Age |
| 11:18 | Build | Blacksmith |
| 11:32 | Build | House |
| 11:39 | Create | Villager (Male) |
| 11:39 | Create | Villager (Male) |
| 12:10 | Build | Stable |
| 12:19 | Create | Spearman |
| 12:24 | Create | Villager (Male) |
| 12:24 | Create | Villager (Male) |
| 12:33 | Build | House |
| 12:49 | Build | Palisade Wall |
| 12:59 | Create | Villager (Male) |
| 13:05 | Research | Double-Bit Axe |
| 13:09 | Build | Lumber Camp |
| 13:16 | Create | Villager (Male) |
| 13:25 | Create | Villager (Male) |
| 13:58 | Create | Villager (Male) |
| 14:05 | Build | Farm |
| 14:05 | Build | Farm |
| 14:05 | Build | Farm |
| 14:06 | Build | Farm |
| 14:15 | Build | Farm |
| 14:15 | Build | Farm |
| 14:16 | Build | Farm |
| 14:17 | Build | Farm |
| 14:21 | Create | Villager (Male) |
| 14:40 | Build | Farm |
| 14:41 | Build | Farm |
| 14:52 | Build | Farm |
| 15:00 | Create | Villager (Male) |
| 15:13 | Build | Mining Camp |
| 15:32 | Create | Villager (Male) |
| 15:38 | Build | Farm |
| 15:38 | Build | Farm |
| 15:38 | Build | Farm |
| 15:39 | Build | Farm |
| 15:46 | Build | Farm |
| 16:13 | Create | Villager (Male) |
| 16:34 | Build | Stable |
| 16:47 | Create | Villager (Male) |
| 17:02 | Build | Gate |
| 17:15 | Build | House |
| 17:19 | Create | Villager (Male) |
| 17:32 | Build | Stone Wall |
| 17:33 | Build | Stone Wall |
| 17:37 | Research | Castle Age |
| 18:04 | Research | Stone Mining |
| 18:32 | Build | Palisade Wall |
| 18:35 | Build | Gate |
| 19:14 | Build | Lumber Camp |
| 19:23 | Create | Spearman |
| 19:33 | Build | Outpost |
| 19:38 | Research | Gold Mining |
| 20:07 | Research | Forging |
| 20:24 | Age | Castle Age |
| 20:29 | Build | Monastery |
| 20:39 | Build | Castle |
| 20:46 | Research | Bow Saw |
| 21:42 | Build | Town Center |
| 21:49 | Create | Villager (Male) |
| 21:49 | Create | Villager (Male) |
| 22:09 | Build | House |
| 22:12 | Build | House |
| 22:13 | Build | House |
| 22:14 | Build | House |
| 22:29 | Create | Monk |
| 22:42 | Build | Monastery |
| 22:48 | Create | Villager (Male) |
| 22:49 | Create | Villager (Male) |
| 22:49 | Create | Villager (Male) |
| 22:49 | Create | Villager (Male) |
| 22:56 | Build | Town Center |
| 23:06 | Research | Gold Shaft Mining |
| 24:15 | Build | House |
| 24:18 | Build | House |
| 24:21 | Build | House |
| 24:24 | Create | Monk |
| 24:39 | Research | Wheelbarrow |
| 24:44 | Create | Villager (Male) ×5 |
| 24:44 | Create | Villager (Male) ×5 |
| 24:44 | Create | Villager (Male) ×5 |
| 24:44 | Create | Villager (Male) ×2 |
| 24:57 | Build | Lumber Camp |
| 25:29 | Research | Town Watch |
| 25:33 | Create | Villager (Male) |
| 25:33 | Create | Villager (Male) |
| 25:41 | Build | Mill |
| 25:44 | Build | Farm |
| 25:44 | Build | Farm |
| 25:44 | Build | Farm |
| 25:45 | Build | Farm |
| 25:45 | Build | Farm |
| 25:46 | Build | Farm |
| 25:49 | Create | Villager (Male) |
| 25:50 | Create | Villager (Male) |
| 25:53 | Build | Farm |
| 25:54 | Build | Farm |
| 26:02 | Build | Farm |
| 26:02 | Build | Farm |
| 26:04 | Build | Farm |
| 26:24 | Build | Barracks |
Build order — 建築師靶布阿
First 150 of 428 actions detected
| 0:07 | Build | House |
| 0:13 | Build | House |
| 0:33 | Build | House |
| 1:27 | Create | Villager (Male) |
| 1:28 | Create | Villager (Male) |
| 1:56 | Create | Villager (Male) |
| 1:56 | Create | Villager (Male) |
| 2:33 | Create | Villager (Male) |
| 2:33 | Create | Villager (Male) |
| 2:50 | Create | Villager (Male) |
| 2:50 | Create | Villager (Male) |
| 3:07 | Create | Villager (Male) |
| 3:07 | Create | Villager (Male) |
| 3:55 | Create | Villager (Male) |
| 3:56 | Create | Villager (Male) |
| 3:56 | Create | Villager (Male) |
| 4:29 | Create | Villager (Male) |
| 4:29 | Create | Villager (Male) |
| 4:47 | Create | Villager (Male) |
| 4:47 | Create | Villager (Male) |
| 5:26 | Build | Lumber Camp |
| 5:37 | Create | Villager (Male) |
| 6:05 | Create | Villager (Male) |
| 6:06 | Create | Villager (Male) |
| 6:11 | Create | Villager (Male) |
| 6:11 | Create | Villager (Male) |
| 6:39 | Create | Villager (Male) |
| 6:48 | Build | House |
| 7:10 | Build | Mill |
| 7:26 | Build | House |
| 8:06 | Build | Mining Camp |
| 8:09 | Build | House |
| 8:11 | Build | House |
| 8:18 | Create | Villager (Male) |
| 8:57 | Create | Villager (Male) |
| 9:20 | Build | Farm |
| 9:21 | Build | Farm |
| 9:23 | Build | Farm |
| 9:24 | Build | Farm |
| 9:30 | Create | Villager (Male) |
| 9:47 | Research | Feudal Age |
| 10:11 | Create | Villager (Male) |
| 10:29 | Build | Barracks |
| 10:32 | Build | House |
| 11:02 | Build | Farm |
| 11:03 | Build | Farm |
| 11:12 | Create | Villager (Male) |
| 11:33 | Build | Lumber Camp |
| 12:05 | Age | Feudal Age |
| 12:08 | Create | Villager (Male) |
| 12:31 | Build | Archery Range |
| 12:41 | Create | Villager (Male) |
| 13:00 | Create | Villager (Male) |
| 13:42 | Build | Farm |
| 13:44 | Create | Archer |
| 13:45 | Create | Archer |
| 13:49 | Create | Archer |
| 14:00 | Create | Villager (Male) |
| 14:21 | Build | Farm |
| 14:49 | Build | Stone Wall |
| 15:12 | Create | Villager (Male) |
| 15:12 | Create | Villager (Male) |
| 15:18 | Build | Farm |
| 15:20 | Create | Archer |
| 15:23 | Create | Archer |
| 15:38 | Build | Mining Camp |
| 15:42 | Build | Farm |
| 15:54 | Build | Market |
| 16:02 | Create | Villager (Male) |
| 16:02 | Create | Villager (Male) |
| 16:07 | Build | Farm |
| 16:22 | Create | Archer |
| 16:39 | Build | Mining Camp |
| 16:43 | Create | Archer |
| 16:49 | Research | Castle Age |
| 17:19 | Create | Archer |
| 17:32 | Build | Blacksmith |
| 18:15 | Create | Villager (Male) |
| 18:15 | Create | Villager (Male) |
| 19:32 | Age | Castle Age |
| 19:56 | Create | Villager (Male) |
| 20:09 | Build | Stable |
| 20:25 | Build | Town Center |
| 20:55 | Create | Villager (Male) |
| 20:55 | Create | Villager (Male) |
| 20:55 | Create | Villager (Male) |
| 20:57 | Research | Double-Bit Axe |
| 21:00 | Research | Horse Collar |
| 21:07 | Build | Town Center |
| 21:33 | Research | Bow Saw |
| 21:36 | Research | Heavy Plow |
| 22:21 | Create | Villager (Male) |
| 22:21 | Create | Villager (Male) |
| 22:22 | Create | Villager (Male) |
| 22:36 | Research | Loom |
| 22:37 | Create | Villager (Male) |
| 22:38 | Create | Villager (Male) |
| 22:41 | Research | Crossbowman (upgrade) |
| 22:54 | Research | Fletching |
| 22:54 | Research | Padded Archer Armor |
| 23:11 | Create | Villager (Male) |
| 23:12 | Create | Villager (Male) |
| 23:13 | Create | Villager (Male) |
| 23:13 | Create | Villager (Male) |
| 23:14 | Create | Villager (Male) |
| 23:20 | Build | Farm |
| 23:21 | Build | Farm |
| 23:21 | Build | Farm |
| 23:30 | Create | Archer |
| 23:30 | Create | Archer |
| 23:38 | Create | Knight |
| 23:47 | Build | Farm |
| 23:48 | Build | Farm |
| 23:51 | Build | Farm |
| 23:51 | Build | Farm |
| 24:41 | Create | Knight |
| 24:41 | Create | Knight |
| 24:49 | Create | Villager (Male) |
| 24:49 | Create | Villager (Male) |
| 24:50 | Create | Villager (Male) |
| 24:52 | Create | Villager (Male) |
| 24:52 | Create | Villager (Male) |
| 25:43 | Create | Knight |
| 25:44 | Create | Knight |
| 25:56 | Create | Villager (Male) |
| 25:56 | Create | Villager (Male) |
| 25:57 | Create | Villager (Male) |
| 26:25 | Build | Farm |
| 26:26 | Build | Farm |
| 26:26 | Build | Farm |
| 26:27 | Build | Farm |
| 26:29 | Build | Farm |
| 26:36 | Create | Knight |
| 26:43 | Build | Stable |
| 26:59 | Build | Farm |
| 27:29 | Build | Farm |
| 27:31 | Build | Farm |
| 27:36 | Create | Knight |
| 27:57 | Research | Husbandry |
| 28:58 | Create | Knight |
| 29:01 | Create | Knight |
| 29:03 | Research | Bloodlines |
| 29:11 | Research | Scale Barding Armor |
| 29:11 | Research | Forging |
| 29:23 | Build | Siege Workshop |
| 29:26 | Create | Villager (Male) |
| 29:28 | Create | Villager (Male) |
| 29:29 | Create | Villager (Male) |
| 29:31 | Create | Villager (Male) |
| 29:31 | Create | Villager (Male) |
Build order — Lili
First 150 of 537 actions detected
| 0:05 | Research | Loom |
| 0:05 | Create | Villager (Male) |
| 0:05 | Create | Villager (Male) |
| 0:05 | Create | Villager (Male) |
| 0:06 | Create | Villager (Male) |
| 0:06 | Create | Villager (Male) |
| 2:08 | Create | Villager (Male) |
| 2:08 | Create | Villager (Male) |
| 2:38 | Create | Villager (Male) |
| 2:38 | Create | Villager (Male) |
| 3:08 | Create | Villager (Male) |
| 3:08 | Create | Villager (Male) |
| 3:35 | Create | Villager (Male) |
| 3:36 | Create | Villager (Male) |
| 3:52 | Create | Villager (Male) |
| 3:53 | Create | Villager (Male) |
| 4:04 | Build | Mill |
| 4:14 | Create | Villager (Male) |
| 4:37 | Create | Villager (Male) |
| 4:37 | Create | Villager (Male) |
| 4:47 | Create | Villager (Male) |
| 5:06 | Create | Villager (Male) |
| 5:07 | Create | Villager (Male) |
| 5:32 | Create | Villager (Male) |
| 5:38 | Create | Villager (Male) |
| 5:39 | Create | Villager (Male) |
| 5:57 | Create | Villager (Male) |
| 6:11 | Build | Lumber Camp |
| 7:00 | Build | Mill |
| 7:09 | Create | Villager (Male) |
| 7:09 | Create | Villager (Male) |
| 7:29 | Build | House |
| 7:30 | Build | House |
| 8:30 | Build | House |
| 8:31 | Build | House |
| 8:32 | Build | House |
| 8:36 | Build | House |
| 8:49 | Research | Feudal Age |
| 10:26 | Build | Mining Camp |
| 10:28 | Build | Farm |
| 10:39 | Create | Villager (Male) |
| 10:39 | Create | Villager (Male) |
| 10:39 | Create | Villager (Male) |
| 10:44 | Create | Villager (Male) |
| 10:44 | Create | Villager (Male) |
| 10:44 | Create | Villager (Male) |
| 10:48 | Create | Villager (Male) |
| 10:56 | Build | Farm |
| 11:01 | Age | Feudal Age |
| 11:45 | Build | Market |
| 12:21 | Build | Blacksmith |
| 13:38 | Research | Castle Age |
| 13:57 | Build | Farm |
| 13:58 | Build | Farm |
| 13:59 | Build | Farm |
| 14:00 | Build | Farm |
| 14:01 | Build | Farm |
| 14:20 | Build | Farm |
| 14:29 | Research | Double-Bit Axe |
| 14:41 | Research | Wheelbarrow |
| 15:49 | Research | Horse Collar |
| 16:08 | Build | Farm |
| 16:13 | Build | Farm |
| 16:13 | Build | Farm |
| 16:17 | Build | Farm |
| 16:18 | Build | Farm |
| 16:36 | Age | Castle Age |
| 16:41 | Build | Monastery |
| 16:57 | Create | Villager (Male) |
| 16:57 | Create | Villager (Male) |
| 16:58 | Create | Villager (Male) |
| 16:58 | Create | Villager (Male) |
| 17:04 | Create | Villager (Male) |
| 17:12 | Create | Monk |
| 17:14 | Create | Monk |
| 17:35 | Build | Town Center |
| 18:20 | Create | Villager (Male) |
| 18:23 | Create | Villager (Male) |
| 18:23 | Create | Villager (Male) |
| 18:23 | Create | Villager (Male) |
| 18:24 | Create | Villager (Male) |
| 18:25 | Create | Villager (Male) |
| 18:55 | Build | Farm |
| 19:01 | Create | Villager (Male) |
| 19:10 | Build | Farm |
| 19:19 | Create | Villager (Male) |
| 19:19 | Create | Villager (Male) |
| 19:35 | Build | Farm |
| 19:38 | Create | Villager (Male) |
| 19:48 | Create | Villager (Male) |
| 19:58 | Create | Villager (Male) |
| 20:04 | Build | Farm |
| 20:07 | Create | Villager (Male) |
| 20:14 | Build | Town Center |
| 20:28 | Build | Farm |
| 20:30 | Create | Villager (Male) |
| 20:42 | Create | Villager (Male) |
| 21:05 | Build | Farm |
| 21:22 | Create | Villager (Male) |
| 21:28 | Create | Villager (Male) |
| 21:31 | Create | Villager (Male) |
| 21:31 | Create | Villager (Male) |
| 21:35 | Create | Villager (Male) |
| 21:36 | Create | Villager (Male) |
| 21:36 | Create | Villager (Male) |
| 21:36 | Create | Villager (Male) |
| 21:37 | Create | Villager (Male) |
| 21:37 | Create | Villager (Male) |
| 21:41 | Create | Villager (Male) |
| 21:44 | Build | Farm |
| 21:45 | Create | Villager (Male) |
| 22:00 | Create | Villager (Male) |
| 22:05 | Build | Farm |
| 22:10 | Build | Farm |
| 22:18 | Create | Villager (Male) |
| 22:22 | Create | Villager (Male) |
| 22:29 | Build | Farm |
| 22:43 | Create | Villager (Male) |
| 22:51 | Build | Farm |
| 23:22 | Build | Farm |
| 23:28 | Build | House |
| 23:29 | Build | House |
| 23:30 | Build | House |
| 23:31 | Build | House |
| 23:31 | Build | House |
| 23:32 | Build | House |
| 23:39 | Research | Heavy Plow |
| 24:01 | Build | Farm |
| 24:19 | Create | Villager (Male) |
| 24:19 | Create | Villager (Male) |
| 24:25 | Build | Farm |
| 24:27 | Build | Farm |
| 24:39 | Create | Villager (Male) |
| 24:49 | Build | Farm |
| 24:53 | Create | Villager (Male) |
| 24:57 | Build | Town Center |
| 25:20 | Build | Farm |
| 25:21 | Build | Mill |
| 25:26 | Build | Farm |
| 25:30 | Build | House |
| 25:31 | Build | House |
| 25:32 | Build | House |
| 25:34 | Build | House |
| 25:35 | Build | House |
| 25:36 | Build | House |
| 25:40 | Build | Farm |
| 25:49 | Create | Villager (Male) |
| 25:49 | Create | Villager (Male) |
| 25:50 | Create | Villager (Male) |
| 26:11 | Create | Villager (Male) |
Build order — 穗稻忠武
First 150 of 340 actions detected
| 0:03 | Create | Villager (Male) |
| 0:03 | Create | Villager (Male) |
| 0:03 | Create | Villager (Male) |
| 0:03 | Create | Villager (Male) |
| 0:04 | Create | Villager (Male) |
| 0:04 | Create | Villager (Male) |
| 1:53 | Create | Villager (Male) |
| 1:53 | Create | Villager (Male) |
| 2:47 | Create | Villager (Male) |
| 2:47 | Create | Villager (Male) |
| 2:59 | Create | Villager (Male) |
| 2:59 | Create | Villager (Male) |
| 3:21 | Build | Mill |
| 3:28 | Research | Loom |
| 3:28 | Create | Villager (Male) |
| 3:52 | Build | Mill |
| 4:18 | Create | Villager (Male) |
| 4:18 | Create | Villager (Male) |
| 4:21 | Create | Villager (Male) |
| 4:21 | Create | Villager (Male) |
| 4:58 | Create | Villager (Male) |
| 4:58 | Create | Villager (Male) |
| 5:24 | Create | Villager (Male) |
| 5:25 | Create | Villager (Male) |
| 5:25 | Create | Villager (Male) |
| 5:41 | Create | Villager (Male) |
| 5:41 | Create | Villager (Male) |
| 6:13 | Build | Lumber Camp |
| 6:15 | Create | Villager (Male) |
| 6:16 | Create | Villager (Male) |
| 6:16 | Create | Villager (Male) |
| 6:28 | Build | House |
| 6:30 | Build | House |
| 6:33 | Build | House |
| 7:05 | Create | Villager (Male) |
| 7:06 | Create | Villager (Male) |
| 7:49 | Build | Barracks |
| 8:06 | Build | House |
| 8:07 | Build | House |
| 8:08 | Build | House |
| 8:10 | Build | House |
| 8:10 | Build | House |
| 8:13 | Build | House |
| 8:17 | Create | Villager (Male) |
| 8:38 | Create | Villager (Male) |
| 8:58 | Build | House |
| 8:59 | Build | House |
| 9:25 | Build | Mining Camp |
| 9:47 | Research | Feudal Age |
| 10:08 | Create | Villager (Male) |
| 10:08 | Create | Villager (Male) |
| 11:05 | Create | Villager (Male) |
| 11:06 | Create | Villager (Male) |
| 11:08 | Create | Villager (Male) |
| 11:39 | Build | Farm |
| 11:39 | Build | Farm |
| 11:39 | Build | Farm |
| 11:40 | Build | Farm |
| 11:40 | Build | Farm |
| 11:40 | Build | Farm |
| 11:41 | Build | Farm |
| 11:41 | Build | Farm |
| 11:51 | Age | Feudal Age |
| 11:56 | Create | Villager (Male) |
| 12:22 | Create | Villager (Male) |
| 12:24 | Create | Villager (Male) |
| 12:27 | Create | Villager (Male) |
| 12:53 | Build | Blacksmith |
| 13:08 | Research | Horse Collar |
| 13:49 | Build | Farm |
| 13:49 | Build | Farm |
| 13:49 | Build | Farm |
| 13:51 | Build | Farm |
| 14:02 | Research | Wheelbarrow |
| 14:24 | Research | Double-Bit Axe |
| 14:46 | Create | Villager (Male) |
| 15:38 | Create | Villager (Male) |
| 15:39 | Create | Villager (Male) |
| 16:24 | Create | Villager (Male) |
| 16:44 | Build | Stable |
| 16:51 | Build | House |
| 16:52 | Build | House |
| 16:54 | Build | House |
| 16:58 | Build | House |
| 17:08 | Build | House |
| 17:09 | Build | House |
| 17:10 | Build | House |
| 17:11 | Build | House |
| 17:28 | Create | Villager (Male) |
| 17:44 | Build | Farm |
| 17:49 | Build | Farm |
| 17:55 | Build | Farm |
| 17:55 | Build | Farm |
| 17:55 | Build | Farm |
| 17:56 | Build | Farm |
| 17:56 | Build | Farm |
| 17:56 | Build | Farm |
| 17:57 | Build | Farm |
| 17:58 | Build | Farm |
| 18:02 | Create | Villager (Male) |
| 18:04 | Research | Castle Age |
| 18:27 | Build | House |
| 18:28 | Build | House |
| 18:30 | Build | House |
| 18:31 | Build | House |
| 18:32 | Build | House |
| 18:33 | Build | House |
| 18:47 | Research | Gold Mining |
| 18:47 | Research | Stone Mining |
| 19:04 | Research | Stone Mining |
| 19:50 | Create | Villager (Male) |
| 19:50 | Create | Villager (Male) |
| 19:51 | Create | Villager (Male) |
| 20:23 | Build | Mining Camp |
| 20:35 | Create | Villager (Male) |
| 20:36 | Create | Villager (Male) |
| 20:51 | Age | Castle Age |
| 21:09 | Build | Town Center |
| 21:49 | Build | Stone Wall |
| 22:03 | Build | Stone Wall |
| 22:11 | Build | Stone Wall |
| 22:14 | Build | Stone Wall |
| 22:15 | Build | Stone Wall |
| 22:25 | Build | Stone Wall |
| 22:31 | Build | Stone Wall |
| 22:42 | Build | Stone Wall |
| 22:50 | Build | Stone Wall |
| 22:57 | Build | Stone Wall |
| 23:31 | Research | Stone Shaft Mining |
| 23:32 | Research | Gold Shaft Mining |
| 23:34 | Research | Heavy Plow |
| 23:39 | Research | Hand Cart |
| 23:42 | Create | Villager (Male) |
| 23:42 | Create | Villager (Male) |
| 23:42 | Create | Villager (Male) |
| 23:43 | Create | Villager (Male) |
| 24:13 | Build | Mining Camp |
| 24:40 | Create | Villager (Male) |
| 24:40 | Create | Villager (Male) |
| 24:41 | Create | Villager (Male) |
| 24:41 | Create | Villager (Male) |
| 24:41 | Create | Villager (Male) |
| 24:44 | Build | Farm |
| 24:48 | Create | Villager (Male) |
| 24:49 | Create | Villager (Male) |
| 24:49 | Create | Villager (Male) |
| 25:26 | Create | Camel Scout |
| 25:28 | Create | Camel Scout |
| 25:28 | Create | Camel Scout |
| 25:29 | Create | Camel Scout |
Match timeline
| 6:14 | INK | Royal Prestige · wall_segment Palisade Wall x3 |
| 7:43 | baby shark · first_building Barracks |
| 7:49 | 穗稻忠武 · first_building Barracks |
| 9:15 | INK | Royal Prestige · age_up feudal |
| 9:23 | atouminou · wall_segment Palisade Wall x8 |
| 10:06 | atouminou · first_building Barracks |
| 10:23 | atouminou · wall_segment Palisade Wall x5 |
| 10:29 | 建築師靶布阿 · first_building Barracks |
| 11:01 | Lili · age_up feudal |
| 11:14 | atouminou · age_up feudal |
| 11:35 | FuaKatelas · first_building Barracks |
| 11:51 | 穗稻忠武 · age_up feudal |
| 11:53 | baby shark · age_up feudal |
| 12:05 | 建築師靶布阿 · age_up feudal |
| 12:10 | atouminou · first_building Stable |
| 12:13 | tataglia · wall_segment Palisade Wall x14 |
| 12:15 | tataglia · wall_segment Palisade Wall x3 |
| 12:17 | baby shark · first_building Stable |
| 12:31 | 建築師靶布阿 · first_building Archery Range |
| 12:33 | baby shark · wall_segment Stone Wall x8 |
| 12:36 | tataglia · age_up feudal |
| 12:36 | baby shark · wall_segment Stone Wall x9 |
| 12:49 | atouminou · wall_segment Palisade Wall x10 |
| 12:53 | tataglia · first_building Barracks |
| 13:19 | INK | Royal Prestige · first_market_sell 100 wood |
| 13:58 | tataglia · first_building Archery Range |
| 14:42 | FuaKatelas · first_building Stable |
| 14:49 | 建築師靶布阿 · wall_segment Stone Wall x3 |
| 15:27 | baby shark · wall_segment Palisade Wall x8 |
| 15:48 | FuaKatelas · first_market_buy 100 food |
| 16:14 | baby shark · first_building Archery Range |
| 16:21 | INK | Royal Prestige · age_up castle |
| 16:36 | Lili · age_up castle |
| 16:41 | Lili · first_building Monastery |
| 16:44 | 穗稻忠武 · first_building Stable |
| 16:46 | tataglia · wall_segment Palisade Wall x4 |
| 16:48 | tataglia · wall_segment Palisade Wall x2 |
| 17:32 | atouminou · wall_segment Stone Wall x1 |
| 17:33 | atouminou · wall_segment Stone Wall x1 |
| 18:32 | atouminou · wall_segment Palisade Wall x11 |
| 18:51 | FuaKatelas · first_building Castle |
| 18:52 | tataglia · age_up castle |
| 19:21 | tataglia · first_building Castle |
| 19:32 | 建築師靶布阿 · age_up castle |
| 19:45 | baby shark · age_up castle |
| 19:56 | baby shark · first_building Monastery |
| 20:09 | 建築師靶布阿 · first_building Stable |
| 20:24 | atouminou · age_up castle |
| 20:29 | atouminou · first_building Monastery |
| 20:36 | INK | Royal Prestige · first_building Monastery |
| 20:39 | atouminou · first_building Castle |
| 20:51 | 穗稻忠武 · age_up castle |
| 21:03 | baby shark · first_building Castle |
| 21:49 | 穗稻忠武 · wall_segment Stone Wall x28 |
| 22:03 | 穗稻忠武 · wall_segment Stone Wall x28 |
| 22:07 | FuaKatelas · first_market_sell 100 wood |
| 22:11 | 穗稻忠武 · wall_segment Stone Wall x13 |
| 22:14 | 穗稻忠武 · wall_segment Stone Wall x2 |
| 22:15 | 穗稻忠武 · wall_segment Stone Wall x1 |
| 22:25 | 穗稻忠武 · wall_segment Stone Wall x40 |
| 22:31 | 穗稻忠武 · wall_segment Stone Wall x13 |
| 22:42 | 穗稻忠武 · wall_segment Stone Wall x22 |
| 22:50 | 穗稻忠武 · wall_segment Stone Wall x5 |
| 22:57 | 穗稻忠武 · wall_segment Stone Wall x14 |
| 23:16 | tataglia · wall_segment Palisade Wall x1 |
| 23:19 | tataglia · wall_segment Palisade Wall x3 |
| 24:30 | INK | Royal Prestige · first_building Castle |
| 26:15 | INK | Royal Prestige · first_building Siege Workshop |
| 26:20 | INK | Royal Prestige · first_building Barracks |
| 26:33 | tataglia · first_market_sell 100 wood |
| 26:42 | Lili · first_building Barracks |
| 26:59 | tataglia · first_building Siege Workshop |
| 27:42 | Lili · first_building Stable |
| 29:11 | 穗稻忠武 · first_building Castle |
| 29:18 | Lili · first_building Castle |
| 29:23 | 建築師靶布阿 · first_building Siege Workshop |
| 30:18 | atouminou · wall_segment Palisade Wall x6 |
| 30:21 | atouminou · wall_segment Palisade Wall x3 |
| 30:23 | atouminou · wall_segment Palisade Wall x4 |
| 30:25 | atouminou · wall_segment Palisade Wall x3 |
| 30:27 | atouminou · wall_segment Palisade Wall x14 |
| 31:51 | baby shark · age_up imperial |
| 32:06 | tataglia · first_building Monastery |
| 33:07 | 穗稻忠武 · age_up imperial |
| 33:14 | Lili · first_building Archery Range |
| 33:25 | Lili · age_up imperial |
| 34:27 | baby shark · wall_segment Stone Wall x12 |
| 34:31 | baby shark · wall_segment Stone Wall x14 |
| 35:21 | atouminou · wall_segment Stone Wall x18 |
| 35:36 | atouminou · age_up imperial |
| 36:11 | 建築師靶布阿 · first_building Castle |
| 39:26 | INK | Royal Prestige · age_up imperial |
| 40:42 | tataglia · age_up imperial |
| 41:57 | 建築師靶布阿 · age_up imperial |
| 42:49 | INK | Royal Prestige · first_building Archery Range |
| 47:32 | Lili · tribute_sent a jugador 1 |
| 47:32 | Lili · tribute_sent a jugador 2 |
| 47:32 | Lili · tribute_sent a jugador 3 |
| 47:32 | Lili · tribute_sent a jugador 4 |
| 47:32 | Lili · tribute_sent a jugador 5 |
| 47:32 | Lili · tribute_sent a jugador 6 |
| 47:32 | Lili · tribute_sent a jugador 8 |
| 47:59 | INK | Royal Prestige · first_building Stable |
| 52:43 | atouminou · first_market_buy 500 stone |
| 53:27 | FuaKatelas · resign |
[ AI ANALYSIS · 1 CREDIT ]
What really happened in this match?
Wolo.gg analyzes every decision: build order, eco, micro, common mistakes by bracket. Personalized analysis on WhatsApp or Discord in 30 seconds.
Civ guide
Koreans
Perfil
Jugador #2530892